General information
- name: BNet
- type: Ladder team game (AT/RT)
- host: Battle.net
- saver: Victrix
map: Mur'gulOasis
- players: 8
- length: 45:29
- speed: Fast
- version: 1.26 W3XP
- replay type: Public
» download(220 KB)
Players
team 1 (winner)
Per(S)euS- (
purple | 50 APM | 870 actions | 17:18)
4 Death Knight
2 Death Coil
2 Unholy Aura
1 Lich
1 Frost Armor
» actions
| Assign group hotkey | 25 | |
| Build / train | 46 | |
| Enter build submenu | 13 | |
| Enter hero's abilities submenu | 5 | |
| Give item / drop item | 1 | |
| Remove unit from queue | 3 | |
| Right click | 521 | |
| Select / deselect | 181 | |
| Select group hotkey | 25 | |
| Use ability | 49 | |
870 total
» units
| Acolyte | 2 | |
| Ghoul | 2 | |
| Crypt Fiend | 9 | |
| Obsidian Statue | 5 | |
| Abomination | 1 | |
19 total
» upgrades
| Creature Carapace | 0 | |
| Creature Attack | 1 | |
| Unholy Strength | 1 | |
| Web | 1 | |
3 total
» buildings
| Crypt | 1 | |
| Ziggurat | 5 | |
| Tomb of Relics | 2 | |
| Graveyard | 1 | |
| Altar of Darkness | 1 | |
| Halls of the Dead | 1 | |
| Slaughterhouse | 2 | |
| Black Citadel | 1 | |
14 total
» build order
00:29 Crypt
00:33 Ziggurat
00:42 Tomb of Relics
00:46 Graveyard
00:51 Altar of Darkness
01:44 Ziggurat
01:47 Tomb of Relics
03:28 Ziggurat
05:01 Halls of the Dead
07:38 Slaughterhouse
07:40 Slaughterhouse
08:11 Ziggurat
08:12 Ziggurat
08:53 Black Citadel
» items
| Rod of Necromancy | 2 | |
| Lesser Clarity Potion | 1 | |
| Scroll of Town Portal | 4 | |
| Potion of Healing | 1 | |
| Scroll of Healing | 2 | |
10 total

»
Naxx (
red | 33 APM | 575 actions | 17:38)
2 Tauren Chieftain
1 Endurance Aura
1 Shockwave
2 Shadow Hunter
1 Healing Wave
1 Hex
2 Far Seer
1 Feral Spirit
1 Chain Lighting
» actions
| Assign group hotkey | 8 | |
| Basic commands | 22 | |
| Build / train | 49 | |
| ESC pressed | 5 | |
| Enter build submenu | 17 | |
| Enter hero's abilities submenu | 6 | |
| Give item / drop item | 3 | |
| Right click | 201 | |
| Select / deselect | 163 | |
| Select group hotkey | 47 | |
| Use ability | 54 | |
575 total
» units
| Peon | 12 | |
| Shaman | 7 | |
| Troll Witch Doctor | 2 | |
| Spirit Walker | 1 | |
22 total
» upgrades
| Shaman Training | 2 | |
| Witch Doctor Training | 2 | |
| Reinforced Defenses | 1 | |
| Spirit Walker Training | 2 | |
| Spiked Barricades | 1 | |
8 total
» buildings
| Altar of Storms | 1 | |
| Orc Burrow | 7 | |
| Barracks | 1 | |
| War Mill | 1 | |
| Stronghold | 1 | |
| Voodoo Lounge | 1 | |
| Fortress | 4 | |
| Spirit Lodge | 5 | |
21 total
» build order
00:27 Altar of Storms
00:37 Orc Burrow
01:19 Barracks
02:15 War Mill
02:26 Orc Burrow
02:58 Stronghold
03:13 Voodoo Lounge
05:19 Fortress
05:19 Fortress
05:23 Spirit Lodge
05:27 Spirit Lodge
05:40 Orc Burrow
05:43 Orc Burrow
06:02 Orc Burrow
07:22 Spirit Lodge
07:26 Spirit Lodge
08:45 Orc Burrow
10:11 Spirit Lodge
12:09 Orc Burrow
» items
| Potion of Healing | 1 | |
| Orb of Corruption | 2 | |
| Scroll of Town Portal | 1 | |
4 total
Victrix (
teal | 64 APM | 2891 actions | 45:29)
7 Archmage
2 Summon Water Elemental
2 Brilliance Aura
2 Blizzard
1 Mass Teleport
» actions
| Assign group hotkey | 132 | |
| Basic commands | 75 | |
| Build / train | 183 | |
| ESC pressed | 2 | |
| Enter build submenu | 41 | |
| Enter hero's abilities submenu | 7 | |
| Give item / drop item | 1 | |
| Right click | 935 | |
| Select / deselect | 397 | |
| Select group hotkey | 880 | |
| Use ability | 238 | |
2891 total
» units
| Peasant | 15 | |
| Footman | 11 | |
| Dragonhawk Rider | 7 | |
| Gryphon Rider | 14 | |
| Sorceress | 1 | |
48 total
» upgrades
| Masonry | 3 | |
| Swords | 3 | |
| Armor | 3 | |
| Lumber Harvesting | 1 | |
| Storm Hammers | 1 | |
| Cloud | 1 | |
| Animal War Training | 1 | |
| Sorceress Training | 1 | |
| Magic Sentry | 1 | |
| Spiked Barricades | 2 | |
17 total
» buildings
| Altar of Kings | 1 | |
| Barracks | 1 | |
| Farm | 7 | |
| Lumber Mill | 2 | |
| Arcane Vault | 1 | |
| Scout Tower | 20 | |
| Keep | 3 | |
| Guard Tower | 52 | |
| Blacksmith | 1 | |
| Gryphon Aviary | 2 | |
| Castle | 2 | |
| Arcane Sanctum | 1 | |
| Watch Tower | 3 | |
| Town Hall | 3 | |
99 total
» build order
00:53 Altar of Kings
00:56 Barracks
00:59 Farm
01:07 Farm
01:25 Farm
01:33 Lumber Mill
02:07 Farm
02:11 Arcane Vault
02:55 Farm
04:34 Scout Tower
04:36 Keep
04:36 Keep
05:14 Guard Tower
05:14 Guard Tower
05:16 Scout Tower
05:17 Scout Tower
05:18 Scout Tower
05:48 Guard Tower
06:10 Guard Tower
06:10 Guard Tower
06:28 Blacksmith
06:46 Guard Tower
06:46 Guard Tower
06:47 Guard Tower
06:54 Lumber Mill
08:01 Gryphon Aviary
08:08 Gryphon Aviary
08:12 Castle
08:12 Castle
08:56 Farm
12:33 Farm
14:55 Arcane Sanctum
17:44 Scout Tower
17:45 Scout Tower
17:47 Scout Tower
17:49 Scout Tower
17:49 Scout Tower
17:50 Scout Tower
18:44 Guard Tower
18:44 Guard Tower
18:46 Watch Tower
18:47 Watch Tower
18:48 Watch Tower
18:56 Guard Tower
18:56 Guard Tower
18:57 Guard Tower
18:57 Guard Tower
18:57 Guard Tower
18:57 Guard Tower
19:14 Scout Tower
19:14 Scout Tower
19:16 Scout Tower
19:17 Scout Tower
19:58 Guard Tower
19:59 Guard Tower
19:59 Guard Tower
20:14 Guard Tower
20:15 Guard Tower
20:16 Guard Tower
20:16 Guard Tower
20:16 Guard Tower
20:20 Guard Tower
20:20 Guard Tower
20:20 Guard Tower
21:15 Scout Tower
21:16 Scout Tower
21:20 Scout Tower
21:20 Scout Tower
21:22 Scout Tower
21:25 Scout Tower
21:48 Guard Tower
21:48 Guard Tower
21:48 Guard Tower
22:04 Guard Tower
22:05 Guard Tower
22:14 Guard Tower
24:03 Guard Tower
24:03 Guard Tower
28:31 Town Hall
29:05 Town Hall
31:22 Town Hall
» items
| Staff of Teleportation | 1 | |
| Scroll of Regeneration | 5 | |
| Mechanical Critter | 2 | |
| Scroll of Town Portal | 7 | |
| Tome of Retraining | 1 | |
| Potion of Invisibility | 5 | |
21 total
Greeneye7 (
pink | 16 APM | 707 actions | 45:28)
3 Death Knight
1 Death Coil
2 Unholy Aura
» actions
| Build / train | 52 | |
| Enter build submenu | 74 | |
| Enter hero's abilities submenu | 5 | |
| Give item / drop item | 1 | |
| Remove unit from queue | 1 | |
| Right click | 178 | |
| Select / deselect | 306 | |
| Use ability | 90 | |
707 total
» units
| Acolyte | 2 | |
| Ghoul | 4 | |
| Crypt Fiend | 12 | |
| Frost Wyrm | 3 | |
| Necromancer | 1 | |
| Peon | 8 | |
30 total
» upgrades
| Web | 1 | |
| Freezing Breath | 1 | |
| Skeletal Mastery | 1 | |
| Skeletal Longevity | 1 | |
| Necromancer Training | 2 | |
| Banshee Training | 2 | |
8 total
» buildings
| Ziggurat | 6 | |
| Altar of Darkness | 1 | |
| Crypt | 1 | |
| Graveyard | 1 | |
| Tomb of Relics | 2 | |
| Halls of the Dead | 1 | |
| Black Citadel | 3 | |
| Sacrificial Pit | 1 | |
| Boneyard | 2 | |
| Temple of the Damned | 2 | |
| Spirit Tower | 1 | |
| Watch Tower | 46 | |
| Great Hall | 3 | |
70 total
» build order
00:10 Ziggurat
00:14 Altar of Darkness
00:25 Crypt
00:52 Graveyard
01:11 Tomb of Relics
01:35 Tomb of Relics
02:48 Ziggurat
02:50 Ziggurat
03:20 Halls of the Dead
05:35 Ziggurat
05:53 Black Citadel
05:54 Black Citadel
07:12 Sacrificial Pit
07:32 Ziggurat
07:35 Ziggurat
08:19 Boneyard
08:27 Boneyard
12:21 Temple of the Damned
15:56 Temple of the Damned
18:13 Spirit Tower
18:38 Watch Tower
18:39 Watch Tower
18:41 Watch Tower
18:43 Watch Tower
18:45 Watch Tower
18:48 Watch Tower
18:50 Watch Tower
18:57 Watch Tower
19:00 Watch Tower
19:02 Watch Tower
19:48 Watch Tower
19:53 Watch Tower
19:56 Watch Tower
20:01 Watch Tower
20:04 Watch Tower
20:08 Watch Tower
20:10 Watch Tower
22:03 Watch Tower
22:05 Watch Tower
22:07 Watch Tower
22:09 Watch Tower
22:20 Watch Tower
24:34 Watch Tower
24:38 Watch Tower
24:39 Watch Tower
24:41 Watch Tower
24:43 Watch Tower
24:45 Watch Tower
24:49 Watch Tower
24:53 Watch Tower
24:55 Watch Tower
24:58 Watch Tower
25:03 Watch Tower
25:10 Watch Tower
25:12 Watch Tower
25:27 Watch Tower
25:53 Watch Tower
25:55 Watch Tower
25:59 Watch Tower
26:02 Watch Tower
26:03 Watch Tower
26:06 Watch Tower
26:38 Watch Tower
26:44 Watch Tower
26:47 Watch Tower
26:58 Watch Tower
38:03 Great Hall
39:21 Great Hall
40:47 Great Hall
» items
| Rod of Necromancy | 1 | |
| Scroll of Town Portal | 3 | |
4 total
team 2 (loser)
mothafukerjones (
orange | 36 APM | 1107 actions | 31:09)
7 Death Knight
3 Death Coil
3 Unholy Aura
1 Animate Dead
» actions
| Assign group hotkey | 45 | |
| Basic commands | 88 | |
| Build / train | 68 | |
| Enter build submenu | 17 | |
| Enter hero's abilities submenu | 7 | |
| Give item / drop item | 4 | |
| Remove unit from queue | 1 | |
| Right click | 430 | |
| Select / deselect | 307 | |
| Select group hotkey | 60 | |
| Use ability | 80 | |
1107 total
» units
| Acolyte | 22 | |
| Ghoul | 3 | |
| Crypt Fiend | 10 | |
| Frost Wyrm | 7 | |
42 total
» upgrades
| Creature Attack | 3 | |
| Creature Carapace | 2 | |
| Web | 1 | |
6 total
» buildings
| Ziggurat | 8 | |
| Crypt | 1 | |
| Graveyard | 1 | |
| Altar of Darkness | 1 | |
| Tomb of Relics | 1 | |
| Nerubian Tower | 1 | |
| Halls of the Dead | 1 | |
| Spirit Tower | 2 | |
| Black Citadel | 1 | |
| Sacrificial Pit | 1 | |
| Boneyard | 2 | |
20 total
» build order
00:12 Ziggurat
00:19 Crypt
00:56 Graveyard
01:02 Altar of Darkness
01:42 Ziggurat
01:57 Tomb of Relics
02:30 Nerubian Tower
03:59 Ziggurat
05:03 Halls of the Dead
05:58 Ziggurat
07:38 Spirit Tower
07:39 Black Citadel
09:06 Sacrificial Pit
10:22 Boneyard
10:43 Boneyard
10:54 Ziggurat
11:08 Ziggurat
14:49 Spirit Tower
15:35 Ziggurat
17:08 Ziggurat
» items
| Rod of Necromancy | 2 | |
| Scroll of Town Portal | 1 | |
| Orb of Corruption | 1 | |
| Potion of Healing | 1 | |
5 total

»
Archimedesx (
green | 41 APM | 1848 actions | 45:28)
7 Tauren Chieftain
3 Shockwave
3 Endurance Aura
1 Reincarnation
5 Shadow Hunter
2 Hex
3 Healing Wave
» actions
| Assign group hotkey | 13 | |
| Basic commands | 23 | |
| Build / train | 86 | |
| Enter build submenu | 26 | |
| Enter hero's abilities submenu | 12 | |
| Give item / drop item | 2 | |
| Remove unit from queue | 8 | |
| Right click | 1153 | |
| Select / deselect | 344 | |
| Select group hotkey | 45 | |
| Use ability | 136 | |
1848 total
» units
| Peon | 15 | |
| Grunt | 6 | |
| Raider | 8 | |
| Shaman | 10 | |
| Demolisher | 4 | |
| Troll Witch Doctor | 1 | |
44 total
» upgrades
| Berserker Strength | 1 | |
| Armor | 2 | |
| Shaman Training | 2 | |
| Ensnare | 1 | |
| Pillage | 1 | |
| Melee Weapons | 1 | |
| Reinforced Defenses | 1 | |
| Ranged Weapons | 2 | |
| Burning Oil | 1 | |
12 total
» buildings
| Altar of Storms | 1 | |
| Orc Burrow | 9 | |
| Barracks | 2 | |
| Voodoo Lounge | 1 | |
| Stronghold | 2 | |
| War Mill | 1 | |
| Fortress | 1 | |
| Spirit Lodge | 2 | |
| Beastiary | 1 | |
| Great Hall | 4 | |
| Watch Tower | 17 | |
41 total
» build order
00:11 Altar of Storms
00:22 Orc Burrow
00:53 Barracks
01:30 Voodoo Lounge
01:47 Orc Burrow
03:02 Stronghold
03:03 Stronghold
04:04 Orc Burrow
04:25 War Mill
05:07 Orc Burrow
07:59 Fortress
08:03 Spirit Lodge
08:03 Spirit Lodge
08:09 Orc Burrow
08:17 Beastiary
14:34 Orc Burrow
14:41 Great Hall
17:02 Great Hall
17:06 Watch Tower
17:06 Watch Tower
17:07 Watch Tower
17:07 Watch Tower
17:08 Watch Tower
18:16 Watch Tower
18:17 Watch Tower
18:18 Watch Tower
19:46 Great Hall
19:50 Watch Tower
19:52 Watch Tower
19:54 Watch Tower
19:56 Watch Tower
19:57 Watch Tower
19:58 Watch Tower
19:59 Watch Tower
21:22 Orc Burrow
21:26 Orc Burrow
21:29 Orc Burrow
21:38 Watch Tower
21:40 Watch Tower
22:55 Barracks
28:28 Great Hall
» items
| Healing Salve | 2 | |
| Scroll of Speed | 2 | |
| Scroll of Town Portal | 2 | |
| Orb of Lightning | 1 | |
7 total
J.J (
yellow | 45 APM | 2042 actions | 45:28)
7 Blademaster
3 Wind Walk
3 Critical Strike
1 Bladestorm
» actions
| Assign group hotkey | 145 | |
| Basic commands | 374 | |
| Build / train | 87 | |
| Enter build submenu | 48 | |
| Enter hero's abilities submenu | 8 | |
| Give item / drop item | 8 | |
| Right click | 619 | |
| Select / deselect | 389 | |
| Select group hotkey | 244 | |
| Use ability | 120 | |
2042 total
» units
| Peon | 13 | |
| Grunt | 7 | |
| Wind Rider | 24 | |
| Demolisher | 2 | |
46 total
» upgrades
| Armor | 3 | |
| Ranged Weapons | 3 | |
| Reinforced Defenses | 1 | |
| Envenomed Spears | 1 | |
8 total
» buildings
| Orc Burrow | 6 | |
| Altar of Storms | 2 | |
| Barracks | 2 | |
| Voodoo Lounge | 2 | |
| Stronghold | 3 | |
| War Mill | 2 | |
| Beastiary | 4 | |
| Watch Tower | 26 | |
| Great Hall | 2 | |
| Fortress | 1 | |
50 total
» build order
00:14 Orc Burrow
01:05 Altar of Storms
01:06 Barracks
01:09 Altar of Storms
01:12 Orc Burrow
01:43 Voodoo Lounge
02:49 Stronghold
02:49 Stronghold
02:50 Stronghold
04:11 Orc Burrow
05:04 War Mill
05:13 Beastiary
05:15 Beastiary
05:18 Orc Burrow
09:27 Watch Tower
09:27 Watch Tower
09:28 Watch Tower
09:28 Watch Tower
09:29 Watch Tower
10:31 Voodoo Lounge
10:33 Great Hall
10:34 Watch Tower
10:35 Watch Tower
10:40 Watch Tower
10:48 Fortress
11:06 Watch Tower
11:09 Watch Tower
11:12 Watch Tower
11:51 Watch Tower
12:38 War Mill
15:09 Watch Tower
15:09 Watch Tower
15:09 Watch Tower
16:08 Watch Tower
16:08 Watch Tower
17:43 Watch Tower
17:43 Watch Tower
17:44 Watch Tower
17:50 Watch Tower
17:52 Watch Tower
19:54 Beastiary
19:56 Beastiary
20:24 Orc Burrow
20:27 Orc Burrow
25:30 Great Hall
25:33 Watch Tower
25:34 Watch Tower
25:34 Watch Tower
25:35 Watch Tower
33:39 Barracks
» items
| Healing Salve | 7 | |
| Scroll of Town Portal | 3 | |
| Orb of Lightning | 1 | |
| Staff of Teleportation | 4 | |
| Potion of Healing | 2 | |
| Boots of Speed | 2 | |
19 total
holypopeturds (
blue | 41 APM | 1470 actions | 35:39)
3 Firelord
2 Incinerate
1 Soul Burn
2 Goblin Alchemist
2 Healing Spray
» actions
| Basic commands | 26 | |
| Build / train | 67 | |
| Enter build submenu | 15 | |
| Enter hero's abilities submenu | 4 | |
| Right click | 972 | |
| Select / deselect | 354 | |
| Use ability | 32 | |
1470 total
» units
| Acolyte | 15 | |
| Ghoul | 12 | |
| Crypt Fiend | 8 | |
| Gargoyle | 2 | |
37 total
» upgrades
| Unholy Strength | 1 | |
| Cannibalize | 1 | |
| Unholy Armor | 1 | |
| Web | 1 | |
| Burrow | 1 | |
| Creature Carapace | 1 | |
| Creature Attack | 1 | |
7 total
» buildings
| Crypt | 3 | |
| Ziggurat | 6 | |
| Graveyard | 1 | |
| Altar of Darkness | 1 | |
| Nerubian Tower | 1 | |
| Spirit Tower | 5 | |
| Halls of the Dead | 1 | |
| Tomb of Relics | 1 | |
| Black Citadel | 1 | |
20 total
» build order
00:34 Crypt
00:37 Crypt
00:49 Ziggurat
00:58 Ziggurat
01:54 Graveyard
03:37 Altar of Darkness
04:23 Ziggurat
04:26 Nerubian Tower
04:53 Spirit Tower
05:09 Halls of the Dead
07:16 Spirit Tower
08:21 Crypt
08:53 Ziggurat
13:04 Spirit Tower
16:08 Ziggurat
16:26 Ziggurat
17:25 Tomb of Relics
18:58 Spirit Tower
19:00 Spirit Tower
20:18 Black Citadel
» items
| Dust of Appearance | 1 | |
| Scroll of Town Portal | 3 | |
| Potion of Healing | 1 | |
5 total
Chat log
(00:25 / Allies) Per(S)euS-: ty
(00:29 / Allies) Greeneye7: ty
(00:56 / Allies) Greeneye7: rush
(00:58 / Allies) Greeneye7: fiends frosts
(01:09 / Allies) Per(S)euS-: ok fiends stats here
(01:18 / Allies) Per(S)euS-: destro later
(01:25 / Allies) Per(S)euS-: maybe abomb
(06:00 / Allies) Per(S)euS-: hrsl mr
(06:25 / Allies) Naxx: if that's not fucking maphacking then i don't know what it
(06:27 / Allies) Naxx: is*
(07:32 / Allies) Naxx: directly for the one
(07:35 / Allies) Naxx: that's teching
(07:46 / Allies) Naxx: fiend
(07:48 / Allies) Naxx: pink
(07:54 / Allies) Greeneye7: Ah Ty
(11:23 / Allies) Per(S)euS-: out
(12:11 / Allies) Per(S)euS-: thye win
(12:50 / All) Victrix: orange tps to 1 hero
(12:51 / All) Victrix: lol
(13:06 / Allies) Per(S)euS-: level 5 nm
(14:14 / Allies) Per(S)euS-: yall hit top
(14:29 / Allies) Greeneye7: sec grabbing a tp
(14:53 / All) J.J: wow you faggots can't travel anywhere alone?
(16:16 / Allies) Naxx: sigh
(16:23 / Allies) Per(S)euS-: dont no what to dio
(16:58 / Allies) Naxx: pink
(16:59 / Allies) Naxx: coil
(17:00 / Allies) Naxx: purple
(17:00 / Allies) Naxx: dk
(17:01 / Allies) Naxx: wtf
(17:03 / Allies) Naxx: dumbass
(17:07 / Allies) Naxx: wow
(17:08 / Allies) Per(S)euS-: he dont know whats hes doing man
(17:10 / Allies) Per(S)euS-: hes fuckin terrible
(17:15 / Allies) Naxx: learn to fucking use the alt tab you moron
(17:19 / All) Victrix: look at this faggot trying to surround an invisible bm
(17:30 / All) Victrix: yeah blue is legit
(17:35 / Allies) Naxx: JOKE
(18:57 / All) mothafukerjones: hey teal u still lot
(19:03 / All) Victrix: nope
(19:04 / All) mothafukerjones: lost*
(21:22 / All) mothafukerjones: wtf yellow
(21:32 / All) Victrix: yeah blue is real fucking legit
(21:35 / All) Victrix: just dusts in his fucking base
(21:38 / All) Victrix: when I haven't done shit to show it
(21:44 / All) Victrix: blue is a mher
(21:45 / All) Victrix: kill him
(22:12 / All) Victrix: trying to surround invisible am lol
(22:15 / All) Victrix: LEGIT
(22:23 / All) Victrix: pings my am invisible
(22:27 / All) Victrix: LEGIT
(22:35 / All) Victrix: pings it again
(22:37 / All) Victrix: SO FUCKING LEGIT
(22:49 / All) Victrix: PING IT AGAIN
(23:42 / All) Victrix: can't stop air harass even with mh
(23:52 / All) Victrix: oh nvm he warned green to intercept
(23:59 / All) Victrix: fucking mher coordinating his team
(24:18 / All) Victrix: I never expoed I wonder why, no point when blue is an obvious mher
(24:19 / All) mothafukerjones: no not now
(24:31 / All) Victrix: your mh won't get you through the towers
(24:54 / All) mothafukerjones: u kill all my units and u expect me to give u lumber
(25:03 / All) Victrix: you're all dead
(27:26 / All) Victrix: fucking trash
(27:27 / All) Victrix: get out
(28:10 / All) holypopeturds: cmon guys your making teal cry give the sissy a titty break
(28:18 / All) Victrix: shut the fuck up
(28:22 / All) Victrix: you're dead
(28:23 / All) Victrix: HACKER DOWN!
(28:26 / All) holypopeturds: wah WAH
(28:45 / All) Victrix: From where you're kneeling it must look like an 18 karat turn of bad luck
(28:47 / All) Victrix: But the truth is
(29:18 / All) J.J: the game was rigged from the start
(29:28 / All) Victrix: sends shaman to where I sent invisible peasants
(29:31 / All) Victrix: REAL FUCKING LEGIT BRO!
(29:55 / All) Victrix: Blue I was in control the entire game
(30:06 / All) Victrix: The only sissies were your faggot friends orange and green
(30:21 / All) Victrix: I wouldn't call you a sissy though that's too high a role for you
(32:40 / All) Victrix: no point hiding peons with a fucking mher ordering his team around
(32:41 / All) Victrix: afk
(35:55 / All) Victrix: surprised he didn't fire up a drophack honestly
(35:56 / Allies) Greeneye7: yo teal
(36:06 / Allies) Greeneye7: hide some of reds peons?
(36:13 / Allies) Victrix: Yellow is my friend
(36:15 / Allies) Victrix: He's tking
(36:21 / Allies) Greeneye7: Oh sweet.
(36:23 / Allies) Victrix: Their team had a maphacker, blue, who was ordering green and orange around
(36:29 / Allies) Victrix: He's a complete piece of shit, so he 100% gets the loss
(36:32 / All) J.J: You can run, boi
(36:35 / All) J.J: But you can't hide
(36:41 / Allies) Greeneye7: Yeah i saw. he got you on every invis
(36:44 / Allies) Greeneye7: was bullshit
(36:52 / Allies) Victrix: I have maphack too lawl, I saw him pinging my invisible archmage to their allies
(37:01 / Allies) Victrix: he's the most obvious hacker I've seen
(37:07 / Allies) Victrix: We always give them the losses
(37:29 / Allies) Victrix: You were cool though, you towered up red which let us afford much more time
(37:48 / Allies) Greeneye7: Well it was kinda a BS game so i went with a BS strategy :)
(38:10 / Allies) Victrix: yeah I usually tower up and hoard gold, then produce lots of units and harass until I have to go over 50 food
(38:16 / Allies) Victrix: but they were so obvious mhing I couldn't ever expo this game
(38:37 / Allies) Victrix: My strategies never work against maphack
(38:40 / Allies) Greeneye7: yeah you could tell easy when they went after red the only techer right at the start
(38:55 / Allies) Victrix: yeah
(39:03 / Allies) Victrix: I did tell my friend to tell them to hit him since he wasn't me though lawl
(39:07 / Allies) Victrix: but I think they were going there anyway
(41:04 / Allies) Victrix: He's killing his own buildings now
(41:05 / Allies) Greeneye7: lol well ima try to get some bats
(41:08 / Allies) Victrix: I'll scout with my gryphon to show you
(41:13 / Allies) Victrix: yellow is finishing himself off he's my friend
(41:14 / Allies) Greeneye7: naw i believe you
(41:21 / Allies) Victrix: kk
(41:37 / All) Greeneye7: Thanks yo
(41:48 / All) J.J: You won courtesy of the WILD BUNCH
(41:49 / All) Victrix: Pink was cool, he towered up red so I didn't have to
(41:57 / All) Victrix: He seems an honest sort
(42:01 / All) Victrix: Unlike the maphacking scum on your team
(42:48 / Allies) Greeneye7: lol dayum he soloed them?
(43:00 / Allies) Victrix: yeah, we can always solo our teams wehn we tk
(43:04 / Allies) Victrix: they never expect it and aren't used to handling it
(43:19 / Allies) Victrix: that's the last building
(43:32 / Allies) Greeneye7: Well GG
(43:43 / Allies) Victrix: He'll upload his chat side at http://highper.ch if you want to see his allies probably bitching they got tked
(43:44 / Allies) Greeneye7: Nice job sticking it to the maphackers.
(43:45 / All) J.J: Any words of wisdom you wish to impart upon us, green?
(43:50 / Allies) Victrix: I think the mher ordered his allies around too, not sure
(43:55 / Allies) Victrix: he pinged stuff, shit like that
(44:18 / All) Greeneye7: Just a thanks really. Pretty sweet i want to check out the chat window of your team
(44:28 / All) Victrix: I mentioned it to him lawl, where we'd upload
(44:30 / All) Greeneye7: I like hackers tears :)
(44:34 / All) J.J: It was disappointing
(44:36 / All) Victrix: I made sure not to say it in all chat, don't want us getting too much publicity
(44:38 / All) Victrix: That's a shame
(44:44 / All) J.J: Just orange saying he wouldn't give me any lumber
(44:45 / All) Victrix: At least they all ate shit
(44:53 / All) Victrix: Maybe blue used private chat or something
(44:57 / All) Victrix: HE was obviously ordering them about
(44:58 / All) J.J: Probably
(45:01 / All) Victrix: like the coordinated green
(45:05 / All) Victrix: getting me at my air harass
(45:14 / All) Greeneye7: lol yeah that was so cheap